 Dungeon Crawl Stone Soup version 0.21.1-1-g345015fe64 (webtiles) character file.

70 ILYA101 the Poker (level 4, -2/37 HPs)
             Began as a Merfolk Abyssal Knight on July 8, 2018.
             Was a Follower of Lugonu.
             Killed by divine providence
             ... invoked by an orc priest
              (14 damage)
             ... on level 3 of the Dungeon.
             The game lasted 00:07:10 (1850 turns).

ILYA101 the Poker (Merfolk Abyssal Knight)          Turns: 1850, Time: 00:07:10

Health: -2/37      AC:  3    Str: 13    XL:     4   Next: 22%
Magic:  5/5        EV: 12    Int: 11    God:    Lugonu [*.....]
Gold:   208        SH:  0    Dex: 13    Spells: 3/3 levels left

rFire    . . .     SeeInvis .   a - +1 spear
rCold    . . .     Gourm    .   (no shield)
rNeg     . . .     Faith    .   b - +0 leather armour
rPois    .         Spirit   .   (no helmet)
rElec    .         Reflect  .   (no cloak)
rCorr    .         Harm     .   (no gloves)
MR       .....                  (no boots)
Stlth    +.........             (no amulet)
HPRegen  0.12/turn              (no ring)
MPRegen  0.09/turn              (no ring)

@: no status effects
A: change form in water, swift swim, stealthy swim
a: Depart the Abyss, Renounce Religion


You were on level 3 of the Dungeon.
You worshipped Lugonu.
Lugonu was aware of your devotion.
You were very hungry.

You visited 1 branch of the dungeon, and saw 3 of its levels.
You visited the Abyss 1 time.

You collected 208 gold pieces.

Inventory:

Hand Weapons
 a - a +1 spear (weapon)
Armour
 b - a +0 leather armour (worn)
Jewellery
 e - an uncursed amulet of magic regeneration {unknown}
Wands
 l - a wand of disintegration (7)
Scrolls
 d - a scroll of blinking {unknown}
 f - 3 scrolls of identify {unknown}
 i - a scroll of random uselessness {unknown}
 n - a scroll of teleportation {unknown}
Potions
 g - a potion of curing {unknown}
 h - a potion of might {unknown}
 k - a potion of ambrosia {unknown}
 m - a potion of haste {unknown}
Comestibles
 c - 3 rations


   Skills:
 + Level 4.0 Fighting
 + Level 4.6 Polearms
 + Level 1.2 Armour
 + Level 3.0 Dodging
 + Level 2.2 Invocations


You had 3 spell levels left.
You didn't know any spells.

Dungeon Overview and Level Annotations

Branches:
Dungeon (3/15)

Altars:
Ashenzari


Message History

You are too injured to fight recklessly!
You are too injured to fight recklessly!
You are too injured to fight recklessly!
You are too injured to fight recklessly!
You are too injured to fight recklessly!
You are too injured to fight recklessly!
You are too injured to fight recklessly!
You are too injured to fight recklessly!
You are too injured to fight recklessly!
You are too injured to fight recklessly!
You are too injured to fight recklessly!
You are too injured to fight recklessly!
You are too injured to fight recklessly!
You are too injured to fight recklessly!
You are too injured to fight recklessly!
You are too injured to fight recklessly!
You hear the slow rusting of a very distant drain.
The orc priest calls down the wrath of Beogh upon you.
Beogh smites you!
You die...

##.....##.#.#
#.#######
#.......#.#.#
#.########
#.8...8.#.#.#
#.........
#.......#.#.#
#..#######
#......o#.#)# #...#
#.....oo#.#.####...#
#.8..o8o#..........#
#.......#..........#
......oo@.#........#
......##.#########.#
##.### #.# #.# # #.#
#.# #.# #.# #.# #.#
..# #.# ### #..


You could see an orc priest and 6 orcs.

Vanquished Creatures
  2 adders (D:2)
  A worm (D:2)
  3 dart slugs
  A leopard gecko (D:1)
  An orc (D:3)
  7 bats
  2 giant cockroaches
  9 goblins
  5 hobgoblins
  3 kobolds
  A frilled lizard (D:2)
  5 rats
40 creatures vanquished.

Notes
Turn   | Place    | Note
-------+----------+-------------------------------------------
     0 | Abyss:1  | ILYA101 the Merfolk Abyssal Knight began the quest for the Orb.
     0 | Abyss:1  | Reached XP level 1. HP: 18/18 MP: 2/2
     4 | Abyss:1  | Found a corrupted altar of Lugonu.
    69 | Abyss:1  | Noticed a small abomination
    69 | D:1      | Escaped the Abyss
   268 | D:1      | Reached * piety under Lugonu
   268 | D:1      | Reached XP level 2. HP: 18/24 MP: 3/3
   906 | D:2      | Reached XP level 3. HP: 30/30 MP: 4/4
  1132 | D:2      | Reached skill level 1 in Armour
  1194 | D:2      | Reached XP level 4. HP: 29/37 MP: 5/5
  1617 | D:2      | Found a shattered altar of Ashenzari.
  1850 | D:3      | Killed from afar by an orc priest

Skill      XL: |  1  2  3 |
---------------+----------+-----
Polearms       | 4 |  4.6
Fighting       | 4 |  4.0
Armour         | 1 |  1.2
Dodging        | 3 |  3.0
Invocations    | |  2.2

Action                   |  1- 3 |  4- 6 || total
-------------------------+-------+-------++-------
Melee: Spear             |   116 |    41 ||   157
Invok: Depart the Abyss  |     1 |       ||     1
  Eat: Chunk             |     1 |     1 ||     2
Armor: Leather armour    |    28 |     8 ||    36
Dodge: Dodged            |    52 |    25 ||    77
